Minoru, lawful male human Samurai ---- --- |..|.. ----- |..| |.....|--.|.---- |..------....- |.......| |....--...>..| |...|...| |............|--.----..| ---^.-.......||..|---..| |........---|..--...-- |-...|...| |.......| --..------- ---.....-- ----- |....| ---.....| |...----..).---------------....| |.........%.........x.&@......-- --.............---------------- |.......*.......- ---%............. |........).<.... -.|............ .--.--....--- -----..-- ---- Minoru the Ninja Experience level: 8 Strength: 12 Dexterity: 18 Constitution: 18 Intelligence: 8 Wisdom: 12 Charisma: 7 Health: 0(57) Energy: 18(18) Def: 10 Gold: 0 Moves: 4542 Dungeon seed: mOr4uxsGu7ruBDF_ Game ID: Minoru_1528556595 Your Inventory: Weapons a - a +0 katana (weapon in hand) b - a +0 wakizashi (alternate weapon; not wielded) c - a blessed +0 yumi d - 28 +0 ya r - 80 +0 arrows (in quiver) E - a +0 dwarvish short sword N - 10 cursed +0 arrows P - 13 cursed -2 arrows Q - a blessed +3 arrow S - a +0 bow T - a +0 bow U - a blessed +0 nunchaku Armor e - a blessed rustproof +0 splint mail (being worn) G - an uncursed +0 dwarvish iron helm (being worn) I - an uncursed +0 pair of iron shoes (being worn) O - an uncursed +0 oilskin dwarvish cloak (being worn) Comestibles h - 4 uncursed gunyoki Wands j - a wand of light (0:13) W - a wand of teleportation (0:7) Tools f - an uncursed oil lamp (lit) (0:909) v - an uncursed magic whistle C - an uncursed skeleton key L - a magic flute (0:4) R - 3 uncursed tallow candles (0:200) Z - a blessed tallow candle (0:200) Gems n - an uncursed worthless piece of yellowish brown glass q - an uncursed worthless piece of violet glass Spells and supernatural/magical abilities: Name Level Category Cost Memory d - dig 2 matter 2000pw 99% W - pray for help -- divine ? -- Your skills at the end: Fighting Skills martial arts [Basic] two weapon combat [Basic] wands [Basic] Weapon Skills short sword [Basic] long sword [Skilled] bow [Basic] Spellcasting Skills Final Attributes: You were piously aligned. You were poison resistant. You were fast. Amaterasu Omikami was noncommittal. You are dead. Vanquished creatures: an ochre jelly a lynx 2 ice vortices a black light 2 gnome kings an orc mummy 2 dwarf mummies a yeti a gold golem a dwarf lord a dust vortex an imp a water nymph a mountain nymph an orc shaman 2 rock moles 2 ponies 2 violet fungi 11 gnome lords 3 gnomish wizards a kobold mummy a black naga hatchling 4 dwarves 2 homunculi 2 giant bats 6 monkeys an orc zombie 4 dwarf zombies a wererat a werejackal an iguana 5 killer bees a coyote 2 gas spores a green mold 43 gnomes 4 jackals 2 sewer rats 10 grid bugs a bat 3 lichens a kobold zombie 6 newts 141 creatures vanquished. Voluntary challenges: You had been an atheist until turn 2286. You used a wielded weapon 296 times, starting on turn 80. You read items or engraved 13 times, starting on turn 3832. You never genocided any monsters. You never polymorphed an object. You never changed form. You used no wishes. You never split a pudding. You never wrote Elbereth's name. You never violated your personal moral code. Dungeon overview: The Dungeons of Doom: levels 1 to 5 Level 1 a fountain a long staircase Level 2 Level 3 a fountain, a vault Level 4 stairs to The Gnomish Mines Level 5 The Gnomish Mines: levels 5 to 11 Level 5 stairs to The Dungeons of Doom Level 6 Level 7 many shops, a temple to Susanowo, a fountain Level 8 Level 9 Level 10 <- You were here Level 11 History has recorded: On T:1 you entered the Dungeons of Doom to retrieve the Amulet of Yendor! On T:79 you reached level 2 of The Dungeons of Doom. On T:632 you reached level 3 of The Dungeons of Doom. On T:661 you reached level 4 of The Dungeons of Doom. On T:1126 you advanced to experience level 2. On T:1215 you reached level 1 of The Gnomish Mines. On T:1245 you advanced to experience level 3. On T:1322 you reached level 5 of The Dungeons of Doom. On T:1489 you advanced to experience level 4. On T:1517 you reached level 2 of The Gnomish Mines. On T:1641 you advanced to experience level 5. On T:2187 you reached level 3 of The Gnomish Mines. On T:2204 you advanced to experience level 6. On T:2503 you reached level 4 of The Gnomish Mines. On T:2540 you advanced to experience level 7. On T:2992 you reached level 5 of The Gnomish Mines. On T:3908 you advanced to experience level 8. On T:3982 you reached level 6 of The Gnomish Mines. On T:4454 you reached level 7 of The Gnomish Mines. Score breakdown: Gold: 0 ( 0 points) Experience: 8 levels (14739 points) Exploration: 11 levels ( 22.92%) (13837 points) Discoveries: 7 items ( 2.80%) ( 5019 points) Valuables value: (no points given unless you survive) Artifact value: 0 ( 0 points) Variety of kills: 43 monsters ( 11.32%) (10091 points) Turncount: 4542 turns (-1212 points) Survival: died (score multiplied by 80%) Total score: 33979 Latest messages: You have a little trouble lifting U - a nunchaku. You hear a distant zap. Please move the cursor to an unknown object. Never mind. You drop an uncursed bag containing 19 items. Your movements are now unencumbered. The giant beetle bites! You hit the giant beetle. You hit the giant beetle! You hear a distant zap. You hit the giant beetle! The incubus hits! (2x) The giant beetle bites! The yellow mold disappears in a puff of logic. Please move the cursor to an unknown object. Never mind. You hit the giant beetle. The incubus hits! (2x) You hear a distant zap. You hit the giant beetle. You kill the giant beetle! The giant beetle disappears in a puff of logic. The incubus hits! You die... Final status: Sayonara Minoru the Samurai, killed by an incubus... You died in The Gnomish Mines on dungeon level 10 with 33979 points, and 0 pieces of gold, after 4542 moves. You were level 8 with a maximum of 57 hit points when you died.